 Dungeon Crawl Stone Soup version 0.23.2-1-ga50397a (webtiles) character file.

Game seed: 3447594091701059653

87 myga the Charmwright (level 4, -3/38 HPs)
             Began as a Gnoll Skald on May 30, 2019.
             Was an Initiate of Trog.
             Killed by nerve-wracking pain
             ... invoked by an orc priest
              (13 damage)
             ... on level 3 of the Dungeon.
             The game lasted 00:08:04 (1983 turns).

myga the Charmwright (Gnoll Skald)                  Turns: 1983, Time: 00:08:05

Health: -3/38      AC:  5    Str: 16    XL:     4   Next: 51%
Magic:  11/11      EV: 14    Int: 16    God:    Trog [......]
Gold:   56         SH:  0    Dex: 14    Spells: 12/13 levels left

rFire    + . .     SeeInvis .   o - +0 war axe
rCold    + . .     Gourm    .   (no shield)
rNeg     . . .     Faith    .   b - +0 leather armour
rPois    +         Spirit   .   (no helmet)
rElec    +         Reflect  .   (no cloak)
rCorr    +         Harm     .   i - +1 pair of gloves
MR       .....                  (no boots)
Stlth    +.........             (no amulet)
HPRegen  0.12/turn              j - +2 ring of strength
MPRegen  0.12/turn              (no ring)

@: resistant
A: distributed training, fangs 1, strong nose
a: Renounce Religion


You were on level 3 of the Dungeon.
You worshipped Trog.
Trog was noncommittal.
You were hungry.

You visited 1 branch of the dungeon, and saw 3 of its levels.

You collected 56 gold pieces.

Inventory:

Hand Weapons
 o - a +0 war axe (weapon)
Missiles
 e - 65 stones (quivered)
Armour
 b - a +0 leather armour (worn)
 i - a +1 pair of gloves (worn)
Jewellery
 j - a +2 ring of strength (left hand)
Scrolls
 c - a scroll of teleportation {unknown}
 g - 3 scrolls of remove curse
 k - a scroll of amnesia {unknown}
 m - a scroll of fog {unknown}
Potions
 h - a potion of agility {unknown}
Comestibles
 a - 3 chunks of flesh
 d - 3 rations


   Skills:
 + Level 4.6 Fighting
 + Level 1.1 Short Blades
 + Level 1.1 Long Blades
 + Level 4.6 Axes
 + Level 1.1 Maces & Flails
 + Level 1.1 Polearms
 + Level 1.1 Staves
 + Level 1.1 Slings
 + Level 1.1 Bows
 + Level 1.1 Crossbows
 + Level 1.1 Throwing
 + Level 2.7 Armour
 + Level 4.6 Dodging
 + Level 1.1 Stealth
 + Level 1.1 Shields
 + Level 1.1 Unarmed Combat
 + Level 5.1 Spellcasting
 + Level 0.9 Conjurations
 + Level 0.9 Hexes
 + Level 5.4 Charms
 + Level 0.9 Summonings
 + Level 0.9 Necromancy
 + Level 0.9 Translocations
 + Level 0.9 Transmutations
 + Level 0.9 Fire Magic
 + Level 0.9 Ice Magic
 + Level 0.9 Air Magic
 + Level 0.9 Earth Magic
 + Level 0.9 Poison Magic
 + Level 1.2 Invocations
 + Level 1.1 Evocations


You had 12 spell levels left.
You knew the following spells:

 Your Spells              Type           Power        Failure   Level  Hunger
a - Infusion              Chrm           ###.         1%          1    None

Your spell library contained the following spells:

 Spells                   Type           Power        Failure   Level  Hunger
 Song of Slaying          Chrm           ###.....     2%          2    #......
 Shroud of Golubria       Chrm/Tloc      ##........   8%          2    #......
 Regeneration             Chrm/Necr      ##........   14%         3    ###....
 Spectral Weapon          Hex/Chrm       ##......     14%         3    ###....


Dungeon Overview and Level Annotations

Branches:
Dungeon (3/15)

Altars:
Ashenzari
Cheibriados
Trog


Innate Abilities, Weirdness & Mutations

Your experience applies equally to all skills.
You have very sharp teeth.
Your uncanny sense of smell can sniff out nearby items.


Message History

You feel protected. The jackal closely misses you. The orc barely misses you.
The jackal bites you.
You barely miss the orc.
The orc is almost dead.
You hit the jackal.
You kill the jackal!
Trog accepts your kill. The orc misses you.
The orc priest calls down the wrath of Beogh upon you.
Beogh smites you!
* * * LOW HITPOINT WARNING * * *
You closely miss the orc. You bite the orc.
You kill the orc!
Trog accepts your kill.
You slash the jackal!
You kill the jackal!
Trog accepts your kill.
The orc priest calls down the wrath of Beogh upon you.
Pain shoots through your body!
You die...

....# .(..#
....# #
######....#
.#..#.........#
........o....#
####.#o..##.#
#o#.# #@#.#
#†#.## #.#.<#
#.#### #.# #..
### ∆


You could see 3 orc priests.

Vanquished Creatures
  2 adders
  3 worms (D:2)
  A dart slug (D:1)
  A leopard gecko (D:2)
  2 orcs (D:3)
  A giant cockroach (D:1)
  8 goblins
  5 hobgoblins
  9 jackals
  2 kobolds (D:1)
  A quokka (D:2)
  A ball python (D:1)
  4 bats
  3 frilled lizards
  10 rats
53 creatures vanquished.

Notes
Turn   | Place    | Note
-------+----------+-------------------------------------------
     0 | D:1      | myga the Gnoll Skald began the quest for the Orb.
     0 | D:1      | Reached XP level 1. HP: 20/20 MP: 6/6
    54 | D:1      | Reached XP level 2. HP: 17/26 MP: 7/7
   438 | D:1      | Reached XP level 3. HP: 28/31 MP: 9/9
   527 | D:1      | Reached skill level 5 in Spellcasting
   689 | D:1      | Reached skill level 1 in Invocations
   915 | D:2      | Reached skill level 1 in Short Blades
   915 | D:2      | Reached skill level 1 in Long Blades
   915 | D:2      | Reached skill level 1 in Maces & Flails
   915 | D:2      | Reached skill level 1 in Polearms
   915 | D:2      | Reached skill level 1 in Staves
   915 | D:2      | Reached skill level 1 in Slings
   915 | D:2      | Reached skill level 1 in Bows
   915 | D:2      | Reached skill level 1 in Crossbows
   915 | D:2      | Reached skill level 1 in Throwing
   915 | D:2      | Reached skill level 1 in Stealth
   915 | D:2      | Reached skill level 1 in Shields
   915 | D:2      | Reached skill level 1 in Unarmed Combat
   915 | D:2      | Reached skill level 1 in Evocations
   952 | D:2      | Reached XP level 4. HP: 37/38 MP: 11/11
  1092 | D:2      | Found a snail-covered altar of Cheibriados.
  1458 | D:2      | Noticed a moth of wrath
  1461 | D:2      | Found a bloodstained altar of Trog.
  1561 | D:2      | Became a worshipper of Trog the Wrathful
  1848 | D:2      | Found a shattered altar of Ashenzari.
  1983 | D:3      | Killed from afar by an orc priest

Skill      XL: |  1  2  3 |
---------------+----------+-----
Spellcasting   | 5 |  5.1
Invocations    | 1 |  1.2
Short Blades   | 1 |  1.1
Long Blades    | 1 |  1.1
Maces & Flails | 1 |  1.1
Polearms       | 1 |  1.1
Staves         | 1 |  1.1
Slings         | 1 |  1.1
Bows           | 1 |  1.1
Crossbows      | 1 |  1.1
Throwing       | 1 |  1.1
Stealth        | 1 |  1.1
Shields        | 1 |  1.1
Unarmed Combat | 1 |  1.1
Evocations     | 1 |  1.1
Fighting       | |  4.6
Axes           | |  4.6
Armour         | |  2.7
Dodging        | |  4.6
Conjurations   | |  0.9
Hexes          | |  0.9
Charms         | |  5.4
Summonings     | |  0.9
Necromancy     | |  0.9
Translocations | |  0.9
Transmutations | |  0.9
Fire Magic     | |  0.9
Ice Magic      | |  0.9
Air Magic      | |  0.9
Earth Magic    | |  0.9
Poison Magic   | |  0.9

Action                   |  1- 3 |  4- 6 || total
-------------------------+-------+-------++-------
Melee: Hand axe          |   100 |    50 ||   150
       Bite              |    12 |     6 ||    18
       War axe           |       |    14 ||    14
Throw: Stone             |    14 |    23 ||    37
  Use: Scroll            |       |     1 ||     1
       Potion            |       |     1 ||     1
 Stab: Sleeping          |     2 |       ||     2
  Eat: Chunk             |       |     3 ||     3
Armor: Leather armour    |    28 |     5 ||    33
       Robe              |       |     4 ||     4
Dodge: Dodged            |    92 |    34 ||   126
